Map: Bel'Shir Vestige LE (Void)

Players

TLO - Winner!

  • Race: Zerg Zerg
  • Spawn Location: 11:00

PandaBearMe

  • Race: Zerg Zerg
  • Spawn Location: 5:00

Event: WCS Austin 2017

VOD

Have the link to the VOD?

Description

Time

  • Played on: April 28, 2017, 6:03 p.m.
  • Length: 11:32

All games in this series

Show
View Real Time Build Order
Export as new Build Order

TLO Zerg - Winner!

Build Orders: Hatch First 

Get SALT Encoding   

  12  0:00  Drone  
  13  0:12  Overlord  
  13  0:17  Drone  
  14  0:31  Drone x2  
  14  0:34  Drone  
  17  0:53  Hatchery  
  17  0:55  Drone  
  17  1:08  Spawning Pool  
  17  1:10  Drone  
  17  1:14  Extractor  
  17  1:15  Drone  
  17  1:19  Drone  
  18  1:28  Drone  
  19  1:38  Overlord  
  19  1:54  Queen  
  19  1:55  Zergling x2  
  19  2:00  Zergling x2  
  23  2:04  Queen  
  23  2:05  Zergling x2  
  26  2:13  Drone  
  26  2:15  Metabolic Boost  
  27  2:17  Drone  
  27  2:22  Drone  
  29  2:29  Drone  
  30  2:36  Hatchery  
  29  2:38  Zergling x2  
  29  2:40  Zergling x2  
  31  2:52  Overlord  
  31  2:53  Drone  
  32  2:59  Baneling Nest  
  32  3:05  Drone  
  31  3:11  Drone  
  32  3:14  Queen, Zergling x2  
  32  3:16  Drone  
  32  3:17  Drone  
  37  3:25  Zergling x4  
  39  3:31  Overlord  
  39  3:38  Drone  
  39  3:39  Zergling x2  
  41  3:43  Zergling x4  
  41  3:44  Baneling x2  
  41  3:45  Overlord  
  41  3:48  Overlord  
  43  3:50  Baneling  
  43  3:51  Drone  
  43  3:53  Drone  
  45  3:57  Drone x2  
  45  3:58  Drone, Baneling  
  45  4:01  Drone  
  48  4:08  Drone  
  48  4:09  Drone  
  50  4:14  Drone  
  51  4:18  Drone  
  51  4:20  Drone  
  51  4:21  Drone  
  51  4:25  Extractor  
  51  4:26  Queen, Roach Warren  
  51  4:29  Zergling x2  
  51  4:35  Drone x2  
  51  4:39  Zergling x2  
  51  4:40  Spine Crawler  
  51  4:43  Zergling x4  
  53  4:48  Baneling  
  53  4:51  Evolution Chamber  
  53  4:52  Drone  
  53  4:54  Lair  
  53  4:55  Drone x3  
  53  4:56  Extractor  
  53  4:58  Drone  
  55  5:00  Drone  
  55  5:02  Drone  
  55  5:05  Drone  
  56  5:10  Drone x4  
  56  5:12  Drone x2  
  62  5:15  Overlord  
  62  5:17  Drone  
  62  5:23  Drone x2  
  62  5:25  Drone  
  62  5:27  Drone x2  
  67  5:30  Drone  
  67  5:31  Drone x2  
  67  5:34  Roach  
  67  5:35  Drone x2  
  71  5:40  Zerg Missile Weapons Level 1  
  71  5:41  Drone x2  
  71  5:42  Extractor  
  72  5:43  Roach  
  72  5:47  Roach  
  72  5:48  Overlord  
  76  5:50  Roach x2  
  76  5:52  Glial Reconstitution  
  76  5:56  Drone x2, Extractor  
  81  5:58  Overlord, Extractor  
  81  6:03  Overlord  
  80  6:05  Overlord  
  80  6:09  Roach  
  82  6:14  Overlord x2  
  82  6:18  Roach  
  84  6:22  Overlord  
  84  6:23  Roach x2  
  84  6:24  Roach, Overlord  
  84  6:25  Drone x2  
  92  6:26  Roach  
  92  6:27  Ravager x2  
  92  6:29  Roach  
  92  6:31  Roach  
  92  6:32  Ravager  
  101  6:33  Roach  
  101  6:35  Roach  
  101  6:39  Ravager  
  106  6:41  Roach  
  106  6:43  Roach  
  110  6:47  Roach x2, Overlord  
  110  6:48  Overlord  
  110  6:49  Roach  
  110  6:50  Roach  
  118  6:55  Roach  
  118  6:56  Roach  
  118  7:00  Roach  
  127  7:01  Roach x2  
  127  7:03  Roach  
  129  7:08  Roach  
  129  7:09  Roach  
  135  7:15  Roach  
  135  7:16  Roach x2  
  135  7:17  Roach x2  
  135  7:18  Roach  
  135  7:22  Roach x2  
  149  7:23  Roach  
  149  7:27  Roach  
  149  7:28  Overlord  
  149  7:29  Overseer  
  147  7:37  Roach  
  147  7:40  Roach  
  147  7:41  Roach  
  147  7:42  Roach x2, Zergling x2  
  147  7:43  Roach  
  152  7:44  Roach  
  152  7:46  Roach  
  152  7:47  Roach  
  152  7:48  Roach  
  152  7:50  Roach  
  160  7:54  Zerg Missile Weapons Level 2  
  160  7:56  Drone x2  
  162  8:03  Burrow  
  162  8:08  Overlord x2  
  162  8:11  Unknown  
  162  8:13  Tunneling Claws, Unknown  
  162  8:18  Hatchery  
  161  8:28  Roach  
  161  8:29  Roach x7  
  161  8:31  Overlord  
  176  8:38  Overlord  
  176  8:39  Overlord  
  176  8:40  Overlord  
  176  8:45  Overlord  
  176  8:50  Unknown  
  176  8:51  Roach  
  176  8:52  Roach x3  
  176  8:55  Overlord  
  184  8:58  Roach  
  184  9:00  Ravager x4  
  184  9:01  Ravager, Roach  
  184  9:02  Overlord  
  193  9:04  Roach  
  193  9:05  Roach  
  193  9:08  Roach  
  199  9:13  Roach x9  
  189  9:32  Roach  
  189  9:34  Roach  
  189  9:35  Roach x8  
  164  9:39  Roach x4  
  164  9:41  Roach  
  164  9:42  Roach x2  
  164  9:43  Roach  
  164  9:44  Roach  
  143  9:47  Roach x5  
  143  9:48  Roach  
  143  9:49  Roach  
  143  9:50  Roach x2  
  143  9:51  Roach  
  145  9:52  Roach  
  145  9:55  Roach  
  145  9:58  Roach x3  
  147  10:01  Roach  
  147  10:04  Roach  
  147  10:06  Roach  
  153  10:09  Roach  
  153  10:11  Roach  
  153  10:12  Roach x3  
  157  10:16  Roach  
  157  10:19  Roach x3  
  165  10:22  Roach x2  
  165  10:28  Roach x2  
  173  10:29  Roach x2, Hatchery  
  173  10:30  Roach x40  
  173  10:33  Roach  
  178  10:39  Roach  
  178  10:40  Roach x2  
  182  10:44  Roach  
  182  10:45  Roach  
  182  10:50  Overlord  
  182  10:51  Overlord  
  182  10:53  Roach  
  182  10:55  Roach  
  182  10:56  Roach  
  187  10:57  Spire  
  187  10:58  Roach  
  187  11:00  Roach x7  
  187  11:01  Roach x2  
  192  11:07  Roach  
Show
View Real Time Build Order
Export as new Build Order

PandaBearMe Zerg 

Build Orders: Hatch First 

Get SALT Encoding   

  12  0:02  Drone  
  13  0:12  Overlord  
  13  0:16  Drone  
  14  0:30  Drone x2  
  16  0:48  Hatchery  
  15  0:52  Drone  
  15  0:54  Drone  
  17  0:57  Drone  
  17  1:00  Extractor  
  17  1:12  Spawning Pool  
  17  1:16  Drone  
  17  1:19  Drone  
  18  1:28  Drone  
  19  1:38  Overlord  
  19  1:53  Drone  
  20  1:59  Queen  
  20  2:00  Queen  
  24  2:01  Metabolic Boost  
  24  2:03  Zergling x2  
  24  2:06  Zergling x2  
  26  2:12  Drone  
  26  2:13  Drone  
  28  2:22  Baneling Nest  
  27  2:24  Drone  
  27  2:25  Drone  
  29  2:32  Drone x2  
  31  2:49  Hatchery  
  30  2:54  Drone x2  
  30  2:56  Zergling x2  
  33  2:58  Zergling x2  
  33  3:04  Overlord  
  33  3:05  Zergling x2  
  34  3:13  Zergling x4  
  36  3:25  Drone x3  
  36  3:26  Drone  
  40  3:35  Zergling x4, Baneling  
  40  3:36  Hatchery, Baneling  
  41  3:45  Zergling x4  
  41  3:46  Zergling x2  
  44  3:52  Overlord  
  44  3:53  Overlord  
  43  4:05  Zergling x2  
  43  4:12  Drone  
  43  4:13  Drone x2  
  43  4:14  Drone  
  43  4:16  Queen, Roach Warren  
  48  4:22  Drone x6  
  51  4:27  Drone  
  52  4:37  Drone  
  44  4:39  Lair  
  44  4:41  Extractor x2  
  44  4:42  Evolution Chamber  
  44  4:43  Baneling x2  
  44  4:44  Zergling x4  
  44  4:45  Zergling x2  
  44  4:48  Drone x2  
  44  4:49  Drone  
  46  5:00  Spore Crawler  
  46  5:01  Drone x3  
  46  5:06  Drone x2  
  49  5:08  Zerg Missile Weapons Level 1  
  49  5:11  Drone, Baneling  
  49  5:12  Baneling  
  50  5:14  Drone x3  
  50  5:16  Drone  
  53  5:21  Drone  
  53  5:26  Zergling x6  
  53  5:27  Zergling x2  
  58  5:33  Drone x3  
  60  5:39  Glial Reconstitution  
  60  5:41  Overseer  
  60  5:44  Drone x2  
  62  5:51  Overlord  
  62  5:54  Overlord  
  62  5:57  Drone x3, Overlord  
  62  6:04  Drone, Extractor x2  
  63  6:05  Baneling x4  
  63  6:07  Drone  
  63  6:09  Overlord  
  65  6:11  Drone x3  
  65  6:12  Drone  
  65  6:14  Overlord  
  65  6:15  Drone  
  70  6:19  Drone, Overlord  
  70  6:20  Drone  
  70  6:23  Drone  
  72  6:29  Extractor  
  72  6:30  Roach  
  72  6:31  Roach x4  
  81  6:35  Roach  
  83  6:40  Roach x4  
  83  6:44  Roach x2  
  83  6:45  Roach x2  
  83  6:46  Roach  
  101  7:00  Overlord  
  99  7:01  Roach  
  99  7:02  Roach x2  
  99  7:03  Ravager  
  99  7:04  Ravager x3  
  99  7:05  Ravager, Roach  
  99  7:06  Ravager  
  99  7:08  Overlord x3  
  113  7:12  Overlord  
  113  7:19  Overlord  
  113  7:20  Roach x4  
  121  7:23  Overlord x2  
  121  7:25  Zerg Missile Weapons Level 2  
  121  7:28  Roach x2  
  110  7:39  Roach  
  110  7:43  Roach x2  
  105  7:44  Roach  
  105  7:45  Roach  
  105  7:46  Roach x3  
  105  7:47  Roach x3  
  105  7:50  Roach x2  
  120  7:53  Roach  
  120  7:54  Roach  
  120  7:55  Ravager  
  120  7:58  Roach  
  127  7:59  Roach x2  
  127  8:01  Roach  
  127  8:03  Roach  
  135  8:10  Roach  
  135  8:12  Roach x2  
  141  8:19  Roach  
  147  8:20  Roach x6  
  147  8:22  Ravager x2  
  157  8:28  Overlord  
  157  8:30  Roach x2  
  157  8:33  Zergling x2  
  157  8:34  Overlord  
  162  8:35  Overlord  
  162  8:36  Overlord  
  162  8:48  Zergling x8  
  163  8:49  Zergling x2  
  163  8:50  Zergling x6  
  163  8:51  Overlord  
  163  8:53  Ravager x2  
  163  8:54  Ravager x2  
  174  9:00  Overlord  
  174  9:06  Roach x4  
  182  9:10  Roach  
  182  9:11  Roach  
  182  9:14  Hatchery  
  185  9:17  Overlord  
  185  9:20  Roach  
  185  9:21  Roach x3  
  186  9:35  Roach  
  186  9:36  Roach x8  
  174  9:40  Roach  
  140  9:46  Roach x4  
  140  9:48  Roach  
  140  9:49  Roach  
  139  9:58  Roach x6  
  139  9:59  Ravager  
  150  10:01  Ravager x3  
  150  10:02  Ravager  
  150  10:03  Burrow  
  150  10:06  Roach  
  155  10:08  Tunneling Claws  
  155  10:09  Overseer  
  155  10:11  Overseer  
  154  10:25  Roach  
  154  10:26  Roach x7  
  166  10:30  Overlord  
  154  10:36  Roach x3  
  154  10:37  Overlord  
  158  10:51  Roach x5  
  168  11:00  Roach x2  
  168  11:02  Roach x2  
  176  11:07  Roach  
Tags
 
Add a new tag
Caveats
  • Supply blocks, unpowered buildings, or Contaminate may cause inaccurate times.
  • Supply counts are checked every 10 seconds.